AoeStats
← 钓鱼佬

Four Lakes

503764441Analyzed
4v4 RM · 1mo ago on Sep 2, 2026· 33m 30s· 8 players
Game mode
Random Map
Map size
Large (8 player)
Population
200
Speed
Normal
Resources
Standard
Victory
Conquest
Starting age
Dark Age
Ending age
Imperial Age
RankedLock teamsTeams togetherTeam positionsShared explorationLock speedFull tech treeHidden civsTurbo modeCheats
Victory
Defeat
🇹🇼 Celts · Taiwan
1360
+13
🇹🇷 Saracens · Türkiye
1316
+15
🇺🇸 Byzantines · United States
1256
+18
🇺🇸 Italians · United States
1208
+20
🇨🇳 Burmese · China
1595
-27
🇦🇺 Japanese · Australia
1465
-24
🇨🇳 Gurjaras · China
1336
-18
🇨🇳 Ethiopians · China
785
-2
Marsman3354
5:04 Loom
11:39 Feudal Age
12:55 Double-Bit Axe
16:02 Castle Age
14:31 Horse Collar
18:42 Gold Mining
20:04 Bow Saw
20:25 Husbandry
20:34 Scale Barding Armor
21:49 Bloodlines
22:38 Wheelbarrow
23:36 Chain Barding Armor
24:55 Fishing Lines
25:47 Forging
28:34 Iron Casting
27:46 Town Watch
33:08 Hand Cart
Pikachu
10:16 Feudal Age
14:24 Castle Age
12:51 Double-Bit Axe
15:02 Loom
15:27 Fishing Lines
21:48 Wheelbarrow
22:20 Fletching
24:22 Ballistics
24:00 Bodkin Arrow
24:37 Gold Mining
27:48 Padded Archer Armor
27:55 Scale Barding Armor
30:25 Imperial Age
28:32 Light Cavalry
29:36 Bloodlines
34:19 Chemistry
33:21 Bracer
Tsoudbrah
7:11 Loom
9:47 Feudal Age
10:34 Double-Bit Axe
12:34 Fletching
17:45 Padded Archer Armor
22:55 Castle Age
20:45 Horse Collar
22:41 Gold Mining
23:59 Bodkin Arrow
24:40 Crossbowman
27:13 Wheelbarrow
28:05 Leather Archer Armor
31:44 Hand Cart
34:45 Imperial Age
35:31 Imperial Age
33:28 Ballistics
32:46 Man-at-Arms
33:11 Gambesons
33:26 Squires
33:28 Scale Mail Armor
33:38 Forging
鬼洗
4:14 Loom
8:56 Feudal Age
9:42 Double-Bit Axe
15:11 Horse Collar
22:17 Castle Age
21:37 Gold Mining
23:07 Pikeman
25:30 Wheelbarrow
28:11 Ballistics
三福
0:54 Loom
12:09 Feudal Age
14:29 Double-Bit Axe
17:30 Castle Age
16:28 Fletching
16:40 Padded Archer Armor
16:54 Gold Mining
16:52 Horse Collar
22:35 Heavy Plow
22:47 Bow Saw
25:04 Town Watch
25:56 Wheelbarrow
27:31 Hand Cart
31:15 Imperial Age
29:07 Loom
30:20 Gold Shaft Mining
29:36 Stone Mining
30:36 Bloodlines
30:27 Husbandry
30:29 Bodkin Arrow
30:49 Leather Archer Armor
30:44 Forging
31:46 Kshatriyas
32:33 Conscription
34:08 Iron Casting
33:34 Scale Mail Armor
有缘再见
3:24 Loom
11:38 Feudal Age
15:11 Wheelbarrow
14:21 Horse Collar
18:51 Castle Age
25:17 Double-Bit Axe
27:18 Gold Mining
27:21 Stone Mining
27:40 Heavy Plow
Noob ai
6:17 Loom
9:35 Feudal Age
12:01 Double-Bit Axe
13:33 Fletching
18:28 Wheelbarrow
21:22 Castle Age
19:37 Horse Collar
20:18 Gold Mining
21:05 Padded Archer Armor
22:07 Bodkin Arrow
22:34 Bow Saw
24:05 Ballistics
26:32 Husbandry
钓鱼佬
6:54 Loom
10:16 Feudal Age
12:49 Scale Barding Armor
13:24 Horse Collar
14:27 Forging
15:49 Fishing Lines
18:02 Gold Mining
21:26 Castle Age
20:34 Bloodlines
21:47 Light Cavalry
22:28 Husbandry
22:52 Chain Barding Armor
24:02 Iron Casting
25:41 Heavy Plow
26:31 Wheelbarrow
26:37 Wheelbarrow
31:22 Hand Cart
34:00 Imperial Age
33:49 Gold Shaft Mining
33:01 Town Watch
Connection lost

Rejoining the realm…

Still unreachable

The connection could not be restored.

Session expired

The server has moved on; the page needs a fresh start.